 Dungeon Crawl Stone Soup version 0.20.1-1-g8b1a95d (webtiles) character file.

1709 gungr the Transmogrifier (level 9, -4/53 HPs)
             Began as an Octopode Transmuter on Oct 26, 2017.
             Was a Believer of Okawaru.
             Slain by Prince Ribbit (13 damage)
             ... on level 7 of the Dungeon.
             The game lasted 00:22:08 (6777 turns).

gungr the Transmogrifier (Octopode Transmuter)      Turns: 6777, Time: 00:22:09

Health: -4/53      AC:  1    Str: 10    XL:     9   Next: 3%
Magic:  18/21      EV: 13    Int: 16    God:    Okawaru [**....]
Gold:   373        SH:  0    Dex: 12    Spells: 3/12 levels left

rFire    . . .     SeeInvis .     - Unarmed
rCold    . . .     Gourm    .   (shield currently unavailable)
rNeg     . . .     Faith    .   (helmet restricted)
rPois    .         Spirit   .   (no amulet)
rElec    .         Reflect  .   f - ring of magical power
rCorr    +         Harm     .   y - ring of resist corrosion
MR       .....                  (no ring)
Stlth    ++........             (no ring)
Regen    0.2/turn               (no ring)
MPRegen  0.2/turn               (no ring)
                                (no ring)
                                (no ring)

@: blade tentacles
A: almost no armour, stealthy swim, amphibious, 8 rings, constrict 8, antennae
1, camouflage 1, dopey 1, gelatinous body 1
a: End Transformation, Heroism, Renounce Religion


You were on level 7 of the Dungeon.
You worshipped Okawaru.
Okawaru was pleased with you.
You were not hungry.
You had blades for tentacles.
You visited 1 branch of the dungeon, and saw 7 of its levels.

You collected 373 gold pieces.

Inventory:

Missiles
 a - 78 arrows
Jewellery
 f - a ring of magical power (left scythe-like blade)
 y - a ring of resist corrosion (right scythe-like blade)
 z - an uncursed ring of ice
Wands
 w - a wand of iceblast (6/15)
 A - a wand of flame (21/48)
 D - a wand of lightning (12/15)
Scrolls
 c - a scroll of magic mapping {unknown}
 d - a scroll of amnesia {unknown}
 g - 2 scrolls of enchant weapon {unknown}
 h - 7 scrolls of identify {unknown}
 m - 2 scrolls of fear {unknown}
 n - 4 scrolls of enchant armour {unknown}
 o - 2 scrolls of blinking {unknown}
 q - 3 scrolls of teleportation {unknown}
 r - 2 scrolls of remove curse {unknown}
 x - a scroll of fog {unknown}
Potions
 e - a potion of haste {unknown}
 j - a potion of degeneration {unknown}
 l - a potion of berserk rage {unknown}
 s - a potion of invisibility {unknown}
 u - 2 potions of mutation
 v - a potion of flight
 C - a potion of lignification {unknown}
Books
 b - a book of Changes

   Spells                             Type                      Level
   a - Beastly Appendage              Transmutation                1
   b - Sticks to Snakes               Transmutation                2
   c - Spider Form                    Transmutation/Poison         3
   d - Ice Form                       Ice/Transmutation            4
   e - Blade Hands                    Transmutation                5
Comestibles
 i - 4 meat rations
 p - 3 royal jellies
 B - a bread ration


   Skills:
 - Level 1.0 Fighting
 - Level 2.0 Dodging
 - Level 5.2 Unarmed Combat
 - Level 2.0 Spellcasting
 + Level 10.5 Transmutations


You had 3 spell levels left.
You knew the following spells:

 Your Spells              Type           Power        Failure   Level  Hunger
a - Beastly Appendage     Tmut           #####.       10%         1    #......
b - Spider Form           Tmut/Pois      ###.......   38%         3    ###....
c - Blade Hands           Tmut           #####.....   41%         5    ######.


Dungeon Overview and Level Annotations

Branches:
Dungeon (7/15)             Temple (0/1) D:4

Altars:
Elyvilon
Kikubaaqudgha
Okawaru
Qazlal
Yredelemnul

Annotations:
D:7 Prince Ribbit


Innate Abilities, Weirdness & Mutations

You cannot wear most types of armour.
You are very stealthy in the water. (Stealth+)
You are amphibious.
You can wear up to eight rings at the same time.
You can use your tentacles to constrict eight enemies at once.
Your skin changes colour to match your surroundings (Stealth+).
Your rubbery body absorbs attacks. (AC +1, EV +1)
You have a pair of small antennae on your head.
You are dopey. (Int -2)


Message History

Prince Ribbit blinks!
Found a glowing glass ring.
You slash Prince Ribbit! Your grab misses Prince Ribbit.
Prince Ribbit is moderately wounded.
Prince Ribbit hits you!
You closely miss Prince Ribbit. Your grab misses Prince Ribbit.
You squeeze Prince Ribbit!
Prince Ribbit is heavily wounded.
Prince Ribbit hits you! x2
You miss Prince Ribbit. You grab Prince Ribbit.
Prince Ribbit is heavily wounded.
You constrict Prince Ribbit. Prince Ribbit hits you!
You hit Prince Ribbit. Your squeeze misses Prince Ribbit.
Prince Ribbit is severely wounded.
You constrict Prince Ribbit.
Prince Ribbit croaks regally.
Prince Ribbit hits you!
* * * LOW HITPOINT WARNING * * *
You feel better.
You constrict Prince Ribbit. Prince Ribbit hits you!
You die...

#o#.# $####.#.#
...5.o..## #<.# #..# ###
##.### #.. ....
#######.########.######.
................@F......
######.#########.####..
#.# .# #.# .. #.# #=#
#.# .. #.# #.# #.#
.##..# #.# #. #..#.#


You could see Prince Ribbit.

Vanquished Creatures
  Sigmund (D:5)
  2 phantoms
  2 sky beasts
  3 ogres
  A big kobold (D:5)
  3 scorpions
  4 killer bees (D:7)
  A quasit (D:5)
  A hound (D:4)
  5 orc wizards
  Natasha (thrice) (D:3)
  2 iguanas
  A worker ant (D:7)
  A hound zombie (D:6)
  2 hound skeletons
  3 adders
  A shadow imp (D:7)
  A worm (D:4)
  2 dart slugs
  A leopard gecko (D:1)
  22 orcs
  5 giant cockroaches
  7 hobgoblins
  7 jackals
  5 quokkas
  3 ball pythons
  4 bats
  A frilled lizard (D:4)
  10 goblins
  A jackal skeleton (D:4)
  26 kobolds
  A quokka skeleton (D:6)
  3 rats
  4 plants (D:5)
139 creatures vanquished.

Notes
Turn   | Place    | Note
-------+----------+-------------------------------------------
     0 | D:1      | gungr the Octopode Transmuter began the quest for the Orb.
     0 | D:1      | Reached XP level 1. HP: 13/13 MP: 3/3
   735 | D:1      | Reached XP level 2. HP: 14/18 MP: 5/5
  1308 | D:2      | Reached XP level 3. HP: 18/23 MP: 6/6
  1479 | D:2      | Found a white marble altar of Elyvilon.
  1865 | D:2      | Found an ancient bone altar of Kikubaaqudgha.
  2136 | D:2      | Found an iron altar of Okawaru.
  2145 | D:2      | Became a worshipper of Warmaster Okawaru
  2419 | D:3      | Reached XP level 4. HP: 13/28 MP: 7/7
  2905 | D:3      | Noticed Natasha
  2911 | D:3      | Killed Natasha
  2911 | D:3      | Reached skill level 5 in Unarmed Combat
  3026 | D:3      | Reached XP level 5. HP: 22/33 MP: 8/8
  3115 | D:3      | Found a stormy altar of Qazlal.
  3201 | D:3      | Noticed Natasha
  3207 | D:3      | Killed Natasha
  3207 | D:3      | Reached skill level 3 in Transmutations
  3216 | D:3      | Learned a level 3 spell: Spider Form
  3282 | D:3      | Noticed Natasha
  3288 | D:3      | Killed Natasha
  3442 | D:4      | Reached skill level 4 in Transmutations
  3497 | D:4      | Reached XP level 6. HP: 37/38 MP: 9/9
  3601 | D:4      | Reached * piety under Okawaru
  3815 | D:4      | Found a staircase to the Ecumenical Temple.
  3835 | D:4      | Reached skill level 5 in Transmutations
  4059 | D:4      | Noticed a troll
  4097 | D:5      | Entered Level 5 of the Dungeon
  4097 | D:5      | Noticed Sigmund
  4121 | D:4      | Reached skill level 6 in Transmutations
  4121 | D:4      | Reached XP level 7. HP: 37/43 MP: 10/10
  4799 | D:5      | Reached skill level 7 in Transmutations
  5049 | D:5      | Killed Sigmund
  5049 | D:5      | Reached ** piety under Okawaru
  5049 | D:5      | Reached XP level 8. HP: 36/48 MP: 11/11
  5061 | D:5      | Reached skill level 8 in Transmutations
  5937 | D:6      | Reached skill level 9 in Transmutations
  5955 | D:6      | Found a basalt altar of Yredelemnul.
  6091 | D:6      | Learned a level 5 spell: Blade Hands
  6504 | D:7      | Reached skill level 10 in Transmutations
  6508 | D:7      | Gained mutation: You are agile. (Dex +2) [potion of mutation]
  6508 | D:7      | Gained mutation: You are dopey. (Int -2) [potion of mutation]
  6508 | D:7      | Lost mutation: You are agile. (Dex +2) [potion of mutation]
  6508 | D:7      | Gained mutation: You have a pair of small antennae on your head. [potion of mutation]
  6694 | D:7      | Reached XP level 9. HP: 41/53 MP: 12/12
  6767 | D:7      | Noticed Prince Ribbit
  6776 | D:7      | HP: 2/53 [Prince Ribbit (15)]
  6777 | D:7      | Slain by Prince Ribbit

Skill      XL: |  1  2  3  4  5  6  7  8 |
---------------+-------------------------+-----
Unarmed Combat | 4 5 |  5.2
Transmutations | 4 6 7 10 | 10.5
Fighting       | |  1.0
Dodging        | |  2.0
Spellcasting   | |  2.0

Action                   |  1- 3 |  4- 6 |  7- 9 || total
-------------------------+-------+-------+-------++-------
Melee: Unarmed           |    91 |    71 |   296 ||   458
       Constrict         |    26 |    19 |    28 ||    73
       Tentacles         |     9 |    12 |    35 ||    56
       Kick              |     2 |     8 |    20 ||    30
       Punch             |       |       |     5 ||     5
 Cast: Beastly Appendage |     2 |     9 |     2 ||    13
       Spider Form       |       |     2 |    15 ||    17
       Blade Hands       |       |       |     3 ||     3
Evoke: Wand              |       |     1 |       ||     1
  Use: Potion            |     1 |       |     9 ||    10
 Stab: Sleeping          |     7 |     1 |       ||     8
  Eat: Bread ration      |     1 |     2 |     1 ||     4
       Meat ration       |       |       |     1 ||     1
Armor: Skin              |     7 |     2 |    20 ||    29
Dodge: Dodged            |    49 |    49 |   183 ||   281
